 Dungeon Crawl Stone Soup version 0.30-a0-757-ga6a79fd877 (webtiles) character file.

Game seed: 1081875466788282256

94 cforsyth the Caller (level 4, -1/24 HPs)
             Began as a Tengu Summoner on Feb 9, 2023.
             Slain by a bullfrog skeleton (3 damage)
             ... on level 3 of the Dungeon.
             The game lasted 00:04:37 (2369 turns).

cforsyth the Caller (Tengu Summoner)                Turns: 2369, Time: 00:04:38

Health: -1/24      AC:  2    Str:  9    XL:     4   Next: 63%
Magic:  6/10       EV: 12    Int: 17    God:
Gold:   140        SH:  0    Dex: 14    Spells: 0/9 levels left

rFire   . . .      SeeInvis .    (no weapon)
rCold   . . .      Faith    .    (no shield)
rNeg    + . .      Spirit   .    a - +0 robe
rPois   .          Reflect  .    (helmet restricted)
rElec   .          Harm     .    (no cloak)
rCorr   .          Rampage  .    (no gloves)
Will    .....                    (boots unavailable)
Stlth   ++                       (no amulet)
HPRegen 0.24/turn                f - ring of positive energy
MPRegen 0.12/turn                (no ring)

@: brilliant
A: beak, talons 3
a: no special abilities


You were on level 3 of the Dungeon.
You visited 1 branch of the dungeon, and saw 3 of its levels.

You collected 140 gold pieces.

Inventory:

Armour
 a - a +0 robe (worn)
Jewellery
 f - a ring of positive energy (left hand)
 m - an amulet of regeneration
Scrolls
 d - a scroll of identify
 g - a scroll of poison
 h - a scroll of teleportation {unknown}
 i - a scroll of silence {unknown}
 p - a scroll of immolation {unknown}
Potions
 b - a potion of magic
 c - 2 potions of brilliance
 e - a potion of heal wounds {unknown}
 j - a potion of berserk rage {unknown}
 k - a potion of haste {unknown}
 l - a potion of lignification {unknown}
 n - a potion of attraction {unknown}
 o - a potion of mutation {unknown}
 q - a potion of curing {unknown}


   Skills:
 - Level 2.1 Dodging
 - Level 2.0 Stealth
 + Level 3.3 Spellcasting
 + Level 6.0 Summonings


You couldn't memorise any spells.
You knew the following spells:

 Your Spells              Type           Power      Damage    Failure   Level
a - Summon Small Mammal   Summ           100%       N/A       1%          1
b - Call Imp              Summ           35%        N/A       1%          2
c - Call Canine Familiar  Summ           35%        N/A       4%          3
d - Summon Guardian Gole  Hex/Summ       19%        N/A       14%         3

Your spell library contained the following spells:

 Spells                   Type           Power      Damage    Failure   Level
 Scorch                   Fire           8%         2d5       26%         2
 Summon Lightning Spire   Summ/Air       19%        N/A       43%         4
 Flame Wave               Conj/Fire      4%         2d5       86%         4
 Summon Cactus Giant      Summ           17%        N/A       91%         6


Dungeon Overview and Level Annotations

Branches:
Dungeon (3/15)

Altars:
Qazlal

Shops:
D:3 (

Annotations:
D:3 Dittersdorf's ghost, amateur GrFi


Innate Abilities, Weirdness & Mutations

You have a beak for a mouth.
You have claws for feet.


Message History

Confirm with . or Enter, or press ? or * to list all spells.
The spell is quite dangerous to miscast (4% risk of failure)!
Continue anyway?
The bullfrog skeleton barely misses you.
The bullfrog skeleton attacks as you move away!
The bullfrog skeleton hits you.
* * * LOW HITPOINT WARNING * * *
Your hound bites the water moccasin skeleton.
The bullfrog skeleton barely misses you.
The bullfrog skeleton attacks as you move away!
The bullfrog skeleton barely misses you.
The water moccasin skeleton bites your hound.
Your hound bites the water moccasin skeleton.
The water moccasin skeleton barely misses your hound.
Your hound barely misses the water moccasin skeleton.
Dittersdorf's ghost says, "You can hit me, but you can't hurt me."
The water moccasin skeleton attacks as you move away!
The water moccasin skeleton misses you.
Your hound closely misses the water moccasin skeleton.
The water moccasin skeleton misses your hound.
The bullfrog skeleton hits you but does no damage.
Your hound bites the water moccasin skeleton.
The water moccasin skeleton attacks as you move away!
The water moccasin skeleton barely misses you.
The bullfrog skeleton attacks as you move away!
The bullfrog skeleton completely misses you.
Your hound bites the water moccasin skeleton.
The water moccasin skeleton barely misses you.
Okay, then.
Unknown command.
The water moccasin skeleton attacks as you move away!
The water moccasin skeleton closely misses you.
Your hound bites the water moccasin skeleton.
The water moccasin skeleton attacks as you move away!
The water moccasin skeleton bites you.
* * * LOW HITPOINT WARNING * * *
Your hound closely misses the water moccasin skeleton.
It was a potion of brilliance.
You feel clever all of a sudden. The bullfrog skeleton hits you.
You die...

#...........................###
...............##...###.......###
.##....##...........###..........
.................................
....................####.........
...............................##
.................Z.............#.
.................Z.............#.
................@ZW............'.
.......####..........Z.h.......'.
.......# #....................'.
....#######..........[.........#.
...............................#.
...)...........................##
...........>.................###
.............................##
#.........................##..##


You could see Dittersdorf's ghost, 2 water moccasin skeletons, 2 bullfrog
skeletons and a friendly hound (summoned).

Vanquished Creatures
  An adder (D:2)
  A ball python (D:1)
  A bat (D:1)
  2 endoplasms (D:1)
  2 rats
7 creatures vanquished.

Vanquished Creatures (collateral kills)
  4 gnolls (D:2)
  An orc (D:3)
  2 ball pythons
  4 endoplasms
  A giant cockroach (D:3)
  4 goblins
  4 hobgoblins
  3 kobolds
  3 quokkas
  6 bats
  A frilled lizard (D:1)
  3 rats
36 creatures vanquished.

Grand Total: 43 creatures vanquished

Notes
Turn   | Place    | Note
-------+----------+-------------------------------------------
     0 | D:1      | cforsyth the Tengu Summoner began the quest for the Orb.
     0 | D:1      | Reached XP level 1. HP: 10/10 MP: 4/4
   151 | D:1      | Reached skill level 5 in Summonings
   256 | D:1      | Reached XP level 2. HP: 15/15 MP: 3/6
   393 | D:1      | Learned a level 2 spell: Call Imp
   988 | D:2      | Reached XP level 3. HP: 19/19 MP: 4/8
   992 | D:2      | Learned a level 3 spell: Call Canine Familiar
  1212 | D:2      | Reached XP level 4. HP: 24/24 MP: 2/9
  1231 | D:2      | Learned a level 3 spell: Summon Guardian Golem
  1304 | D:2      | Reached skill level 6 in Summonings
  1743 | D:3      | Found Eribodio's Weapon Boutique.
  1910 | D:3      | Found a stormy altar of Qazlal.
  2076 | D:3      | Found a runed translucent gate.
  2076 | D:3      | Found a runed translucent gate.
  2076 | D:3      | Found a runed translucent gate.
  2347 | D:3      | Noticed Dittersdorf's ghost (amateur GrFi)
  2369 | D:3      | Slain by a bullfrog skeleton

Illustrated notes

Levels and vault maps discovered:
D:1:      dpeg_arrival_boxorama, layout_basic
D:2:      layout_rooms
D:3:      wander_river, layout_basic, mainiacjoe_overflow_boulevard,
          serial_shops, nicolae_shop_advertising_works
          [nicolae_subvault_shop_adworks], gammafunk_ghost_necromancy

Skill      XL: |  1  2  3  4 |
---------------+-------------+-----
Summonings     | 5 6 |  6.0
Spellcasting   | 3 |  3.3
Dodging        | |  2.1
Stealth        | |  2.0

Action                     |  1- 3 |  4- 6 || total
---------------------------+-------+-------++-------
  Melee: Unarmed           |    24 |     5 ||    29
         Kick              |    10 |       ||    10
         Peck              |     2 |     1 ||     3
   Cast: Summon Small Mamm |    36 |     3 ||    39
         Call Imp          |     5 |     1 ||     6
         Call Canine Famil |     3 |     9 ||    12
    Use: Scroll            |       |     1 ||     1
         Potion            |       |     1 ||     1
 Armour: Robe              |     4 |     3 ||     7
  Dodge: Dodged            |    21 |    22 ||    43

Table legend: (Time is in decaauts)
 A = Elapsed time spent in this place.
 B = Non-inter-level travel time spent in this place.
 C = Inter-level travel time spent in this place.
 D = Time resting spent in this place.
 E = Time spent auto-exploring this place.
 F = Levels seen in this place.
 G = Mean time per level.
                   A        B        C        D        E       F      G
               +--------+--------+--------+--------+--------+-----+--------+
         Total |   2376 |   2328 |     48 |      0 |   1928 |   3 |  792.0 |
       Dungeon |   2376 |   2328 |     48 |      0 |   1928 |   3 |  792.0 |
               +--------+--------+--------+--------+--------+-----+--------+

Top non-repeatable levels by time:
     D:1: 917 daAuts
     D:3: 777 daAuts
     D:2: 682 daAuts
